 Dungeon Crawl Stone Soup version 0.31-a0-1074-g0b22e4e0f1 (webtiles) character file.

Game seed: 17610076571502733006

65 monsoonserge the Changeling (level 4, -2/28 HPs)
             Began as an Octopode Shapeshifter on Nov 30, 2023.
             Slain by a gnoll
             ... wielding a +0 spear
              (5 damage)
             ... on level 2 of the Dungeon.
             The game lasted 00:03:05 (1318 turns).

monsoonserge the Changeling (Octopode Shapeshifter) Turns: 1318, Time: 00:03:06

Health: -2/28      AC:  1    Str: 15    XL:     4   Next: 13%
Magic:  4/4        EV: 13    Int: 12    God:
Gold:   90         SH:  0    Dex: 11    Spells: 3/3 levels left

rFire   . .          .
                       - Unarmed
rCold   . . .        (no shield)
rNeg    . . .        (helmet currently unavailable)
rPois   .            (no amulet)
rElec   .            (no ring)
rCorr   .            (no ring)
SInv    .            (no ring)
Will    .....        (no ring)
Stlth   ++           (no ring)
HPRegen 0.24/turn    (no ring)
MPRegen 0.09/turn    (no ring)
                     (no ring)

%: no passive effects
@: beast-form
A: beast (slay +2), almost no armour, amphibious, 8 rings, camouflage 1,
gelatinous body 1, (nimble swimmer 1), tentacles
a: Begin Untransformation


You were on level 2 of the Dungeon.
You were a hulking beast.
You visited 1 branch of the dungeon, and saw 2 of its levels.

You collected 90 gold pieces.

Inventory:

Talismans
 b - a beast talisman
 c - a flux talisman
Wands
 l - a wand of polymorph (10)
Scrolls
 f - a scroll of vulnerability {unknown}
 h - a scroll of blinking {unknown}
 k - a scroll of noise {unknown}
 m - a scroll of enchant weapon {unknown}
 n - a scroll of revelation {unknown}
Potions
 a - 2 potions of lignification
 d - a potion of might {unknown}
 e - a potion of heal wounds {unknown}
 g - 2 potions of resistance {unknown}
 i - a potion of magic {unknown}
 j - a potion of mutation {unknown}
 o - a potion of berserk rage {unknown}


   Skills:
 + Level 1.0 Fighting
 + Level 2.0 Dodging
 + Level 0.3 Stealth
 * Level 3.6 Unarmed Combat
 + Level 4.1 Shapeshifting


You had 3 spell levels left.
You didn't know any spells.
Your spell library contained the following spells:

 Spells                   Type           Power      Damage    Failure   Level
 Sting                    Tmut/Pois      0%         1d3       32%         1
 Summon Small Mammal      Summ           0%         N/A       32%         1
 Poisonous Vapours        Pois/Air       0%         N/A       45%         2
 Call Canine Familiar     Summ           0%         N/A       69%         3
 Summon Guardian Golem    Hex/Summ       0%         N/A       69%         3
 Olgreb's Toxic Radiance  Pois           0%         N/A       97%         4


Dungeon Overview and Level Annotations

Branches:
Dungeon (2/15)

Altars:
Nemelex Xobeh

Annotations:
D:1 1 runed translucent door


Innate Abilities, Weirdness & Mutations

You are a hulking beast.
Your limbs bulge with bestial killing power. (Slay +2)
You cannot wear most types of armour.
You are amphibious.
You can wear up to eight rings at the same time.
Your skin changes colour to match your surroundings (Stealth+).
Your rubbery body absorbs attacks. (AC +1, EV +1)
((You are camouflaged when in or above water. (Stealth+)))
You have tentacles for arms and can constrict up to eight enemies at once.


Message History

There are no items here.
You start resting.
HP restored.
n - a scroll labelled GIAGUM JIFRA
There are no items here.
Found a sparkling altar of Nemelex Xobeh.
You see here a bubbling inky potion.
o - a bubbling inky potion The gnoll shouts! x2
Found a coppery potion.
The gnoll attacks as it pursues you! The gnoll closely misses you.
The gnoll hits you from afar with a +0 spear.
The gnoll shouts!
You closely miss the gnoll. Your grab misses the gnoll.
The gnoll closely misses you. x2
The gnoll hits you from afar with a +0 spear.
You tentacle-slap the gnoll. Your grab misses the gnoll.
Your squeeze misses the gnoll.
The gnoll is heavily wounded.
The gnoll barely misses you. The gnoll hits you with a +0 whip.
You completely miss the gnoll. You grab the gnoll.
The gnoll is heavily wounded.
You constrict the gnoll. The gnoll barely misses you. x2
You tentacle-slap the gnoll. You grab the gnoll. You squeeze the gnoll.
The gnoll is heavily wounded.
You constrict the gnoll. x2; The gnoll hits you with a +0 whip.
The gnoll barely misses you. x2
You tentacle-slap the gnoll.
The gnoll is almost dead.
You constrict the gnoll. x2
You kill the gnoll!
The gnoll misses you. The gnoll barely misses you.
You bludgeon the gnoll!
You kill the gnoll!
The gnoll hits you from afar with a +0 spear.
* * * LOW HITPOINT WARNING * * *
You have reached level 4!
The gnoll attacks as it pursues you!
The gnoll hits you from afar with a +0 spear.
You die...

#######..####..#.....(....
.........##...##.###.....S
..........................
.......^.....#....#.......
..........................
........#............###..
#######............#..##..
##.................##.##..
#........h.......g.##.##..
###...._...........g......
#.#....g........g.......
#.#.!...................
##.##)............S......
###..##.##...........<.....
##...#.).##..........#######
#......##############
########


You could see a gnoll.

Vanquished Creatures
  2 gnolls (D:2)
  An adder (D:2)
  An orc (D:2)
  7 ball pythons
  4 bats
  5 endoplasms (D:2)
  2 giant cockroaches (D:2)
  4 hobgoblins
  A quokka (D:2)
  A frilled lizard (D:2)
  4 kobolds
  3 rats
35 creatures vanquished.

Notes
Turn   | Place    | Note
-------+----------+-------------------------------------------
     0 | D:1      | monsoonserge the Octopode Shapeshifter began the quest for
                  | the Orb.
     0 | D:1      | Reached XP level 1. HP: 13/13 MP: 1/1
     0 | D:1      | Noticed a jelly
     1 | D:1      | Found a runed translucent door.
   310 | D:1      | Reached XP level 2. HP: 18/18 MP: 2/2
   969 | D:2      | Reached skill level 4 in Shapeshifting
   969 | D:2      | Reached XP level 3. HP: 18/23 MP: 3/3
  1288 | D:2      | Found a sparkling altar of Nemelex Xobeh.
  1313 | D:2      | HP: 1/23 [gnoll/+0 spear (6)]
  1314 | D:2      | Reached XP level 4. HP: 2/28 MP: 4/4
  1318 | D:2      | Slain by a gnoll

Illustrated notes

Levels and vault maps discovered:
D:1:      dpeg_arrival_caged_fury, layout_basic, minmay_misc_feat_tiny,
          nicolae_twisty_statue_hallways
D:2:      layout_rooms, basic_altar

Skill      XL: |  1  2 |
---------------+-------+-----
Shapeshifting  | 4 |  4.1
Fighting       | |  1.0
Dodging        | |  2.0
Stealth        | |  0.3
Unarmed Combat | |  3.6

Action                     |  1- 3 |  4- 6 || total
---------------------------+-------+-------++-------
  Melee: Unarmed           |    60 |       ||    60
         Constrict         |    16 |       ||    16
         Tentacles         |     8 |       ||     8
         Punch             |     1 |       ||     1
   Stab: Sleeping          |     4 |       ||     4
 Armour: Skin              |    31 |     1 ||    32
  Dodge: Dodged            |    47 |       ||    47

Table legend: (Time is in decaauts)
 A = Elapsed time spent in this place.
 B = Non-inter-level travel time spent in this place.
 C = Inter-level travel time spent in this place.
 D = Time resting spent in this place.
 E = Time spent auto-exploring this place.
 F = Levels seen in this place.
 G = Mean time per level.
                   A        B        C        D        E       F      G
               +--------+--------+--------+--------+--------+-----+--------+
         Total |   1316 |   1234 |     82 |     39 |    776 |   2 |  658.0 |
       Dungeon |   1316 |   1234 |     82 |     39 |    776 |   2 |  658.0 |
               +--------+--------+--------+--------+--------+-----+--------+

Top non-repeatable levels by time:
     D:1: 969 daAuts
     D:2: 346 daAuts
